 Dungeon Crawl Stone Soup version 0.28.0-53-g5a82cb258f (webtiles) character file.

Game seed: 6517671769169035056

32 Sin92 the Ducker (level 3, -1/26 HPs)
             Began as a Djinni Hedge Wizard on July 15, 2022.
             Slain by Ijyb
             ... wielding a +0 dagger
              (4 damage)
             ... on level 3 of the Dungeon.
             The game lasted 00:04:34 (2368 turns).

Sin92 the Ducker (Djinni Hedge Wizard)              Turns: 2368, Time: 00:04:35

Health: -1/26      AC:  2    Str: 15    XL:     3   Next: 42%
Gold:   59         EV: 12    Int: 15    God:
                   SH:  0    Dex: 14

rFire   + + .      SeeInvis .   g - +1 spear (venom)
rCold   x . .      Faith    .   (no shield)
rNeg    . . .      Spirit   .   b - +0 robe
rPois   ∞          Reflect  .   c - +0 hat
rElec   .          Harm     .   (no cloak)
rCorr   .          Rampage  .   (no gloves)
Will    .....                   (boots unavailable)
Stlth   ++........              (no amulet)
HPRegen 0.08/turn               f - +6 ring of strength
MPRegen 0.00/turn               (no ring)

@: flying
A: sickness immunity, fire resistance 2, cold vulnerability 1, float, innate
caster, HP casting, extra vitality 1
a: no special abilities


You were on level 3 of the Dungeon.
You visited 1 branch of the dungeon, and saw 3 of its levels.

You collected 59 gold pieces.

Inventory:

Hand Weapons
 a - a +0 dagger
 g - a +1 spear of venom (weapon)
Armour
 b - a +0 robe (worn)
 c - a +0 hat (worn)
Jewellery
 f - a +6 ring of strength (left hand)
Scrolls
 h - 2 scrolls of teleportation
Potions
 d - a potion of invisibility {unknown}


   Skills:
 + Level 0.7 Fighting
 - Level 0.5 Short Blades
 * Level 0.6 Polearms
 + Level 2.6 Dodging
 + Level 1.9 Stealth
 + Level 2.6 Spellcasting


You couldn't memorise any spells.
You knew the following spells:

 Your Spells              Type           Power      Damage    Failure   Level
a - Magic Dart            Conj           36%        1d4       7%          1
b - Blink                 Tloc           18%        N/A       11%         2
c - Call Imp              Summ           9%         N/A       11%         2
d - Slow                  Hex            36%        N/A       7%          1
e - Conjure Flame         Conj/Fire      9%         6-21      22%         3
f - Mephitic Cloud        Conj/Pois/Air  9%         N/A       22%         3
g - Summon Small Mammal   Summ           36%        N/A       7%          1
Your spell library was empty.

Dungeon Overview and Level Annotations

Branches:
Dungeon (3/15)

Altars:

Shops:
D:1 ?

Annotations:
D:3 Ijyb


Innate Abilities, Weirdness & Mutations

You are immune to sickness and miasma.
You are immune to poison.
Your flesh is very heat resistant. (rF++)
You are vulnerable to cold. (rC-)
You float through the air rather than walking.
You learn spells naturally, not from books.
Your magical power is your life essence.
You have superior vitality. (+4 MHP)


Message History

Ijyb hits you with a +0 dagger.
You closely miss Ijyb.
Ijyb is moderately wounded.
Ijyb hits you with a +0 dagger.
You hit Ijyb but do no damage.
Ijyb is moderately wounded.
Ijyb drinks a potion.
Ijyb seems to speed up.
You closely miss Ijyb.
Ijyb is moderately wounded.
Ijyb hits you with a +0 dagger.
Ijyb zaps a wand.
The puff of flame hits you. You resist.
Sorry, you're not good enough to have a special ability.
Are you sure you want to abandon this character and quit the game? (Confirm with "yes".)
Okay, then.
Okay, then.
Okay, then.
Aiming: Slow (safe; 7% risk of failure)
Press: ? - help, Q - select action, (/) - cycle Shift-Dir - straight line, f/p - Ijyb
Aim: Ijyb, wielding a +0 dagger, wearing a +0 chain mail and carrying a wand of flame (16) (heavily wounded, fast, very poisoned, chance to affect: 55%) Ijyb resists with significant effort.
Ijyb screams, "I no like you!" Ijyb hits you with a +0 dagger.
Aiming: Slow (safe; 7% risk of failure)
Press: ? - help, Q - select action, (/) - cycle Shift-Dir - straight line, f/p - Ijyb
Aim: Ijyb, wielding a +0 dagger, wearing a +0 chain mail and carrying a wand of flame (16) (heavily wounded, fast, very poisoned, chance to affect: 55%) Ijyb resists with significant effort.
* * * LOW HITPOINT WARNING * * *
Ijyb hits you with a +0 dagger.
* * * LOW HITPOINT WARNING * * *
Ijyb zaps a wand.
The puff of flame hits you but does no damage.
You resist.
You hit Ijyb.
Ijyb looks as sick as possible!
Ijyb is severely wounded.
Ijyb zaps a wand.
The puff of flame hits you. You resist.
* * * LOW HITPOINT WARNING * * *
You hit Ijyb but do no damage.
Ijyb is severely wounded.
Ijyb hits you with a +0 dagger.
You die...

#. #. #(
.## ..#
#.# #.#
#####<##
#..g@..#
#.####.#
.# ..
#.# ..
#.#


You could see Ijyb (fast, extremely poisoned).

Vanquished Creatures
  3 bats
  3 endoplasms
  A giant cockroach (D:1)
  6 hobgoblins
  3 jackals (D:1)
  2 kobolds (D:2)
  A quokka (D:2)
  4 ball pythons (D:1)
  3 frilled lizards
  A rat (D:1)
27 creatures vanquished.

Notes
Turn   | Place    | Note
-------+----------+-------------------------------------------
     0 | D:1      | Sin92 the Djinni Hedge Wizard began the quest for the Orb.
     0 | D:1      | Reached XP level 1. HP: 15/15 MP: 0/0
   471 | D:1      | Found Moirghok's Magic Scroll Shoppe.
   591 | D:1      | Reached XP level 2. HP: 18/22 MP: 0/0
  1498 | D:1      | Found a faded altar of an unknown god.
  1562 | D:1      | Reached XP level 3. HP: 23/26 MP: 0/0
  1562 | D:1      | Learned a level 1 spell: Summon Small Mammal
  2357 | D:3      | Noticed Ijyb
  2368 | D:3      | Slain by Ijyb

Illustrated notes

Levels and vault maps discovered:
D:1:      sevenhm_arrival_forest_fort_large_2, layout_basic, serial_shops, shop,
          shapermc_ecumenical_altar_pompeii, hangedman_glass_teeth,
          minmay_misc_feat_nine_boxes
D:2:      layout_rooms, minmay_large_rounded_square, minmay_stone_trees_medium
D:3:      layout_rooms, serial_shops, nicolae_square_shop, minmay_liquid_box,
          uniq_ijyb

Action                   || total
-------------------------++-------
Melee: Spear             ||    39
       Dagger            ||     5
 Cast: Magic Dart        ||    54
       Slow              ||     2
  Use: Scroll            ||     3
 Stab: Sleeping          ||     2
Armor: Robe              ||     5
Dodge: Dodged            ||    27
